 Dungeon Crawl Stone Soup version 0.31.0-11-ge490571c62 (webtiles) character file.

Game seed: 16168922043769263586

60 qw the Shooter (level 3, 0/18 HPs)
             Began as a Spriggan Hunter on Feb 3, 2024.
             Succumbed to a goblin's poison
             ... on level 2 of the Dungeon.
             The game lasted 00:00:05 (1083 turns).

qw the Shooter (Spriggan Hunter)                    Turns: 1083, Time: 00:00:05

Health: 0/18       AC:  2    Str:  7    XL:     3   Next: 80%
Magic:  4/4        EV: 19    Int: 10    God:
Gold:   111        SH:  0    Dex: 20    Spells: 2/2 levels left

rFire   . . .        a - +0 shortbow
rCold   . . .        (shield currently unavailable)
rNeg    . . .        c - +0 robe
rPois   .            (helmet restricted)
rElec   .            (no cloak)
rCorr   .            (gloves unavailable)
SInv    +            (boots unavailable)
Will    .....        (no amulet)
Stlth   ++           (no ring)
HPRegen 0.23/turn    (no ring)
MPRegen 0.09/turn

%: no passive effects
@: lethally poisoned (0 -> -4), very quick
A: very small, no large weapons, unfitting armour, see invisible, speed 3
a: no special abilities


You were on level 2 of the Dungeon.
You visited 1 branch of the dungeon, and saw 2 of its levels.

You collected 111 gold pieces.


Innate Abilities, Weirdness & Mutations

You are very small and have problems with some larger weapons.
You are too small for most types of armour.
You have supernaturally acute eyesight. (SInv)
You cover ground extremely quickly. (Speed+++)


   Skills:
 - Level 1.5 Fighting
 - Level 5.0 Ranged Weapons
 + Level 4.0 Dodging
 - Level 1.5 Stealth


You had 2 spell levels left.
You didn't know any spells.
Your spell library was empty.

Inventory:

Hand Weapons
 a - a +0 shortbow (weapon)
Armour
 c - a +0 robe (worn)
Scrolls
 b - a scroll of identify {unknown}
Potions
 d - a potion of curing {unknown}
 h - a potion of cancellation

Dungeon Overview and Level Annotations

Branches:
Dungeon (2/15)

Altars:

Shops:
D:1 (


Message History

The goblin shouts!
You shoot an arrow. The arrow closely misses the goblin.
You shoot an arrow. The arrow closely misses the goblin.
You shoot an arrow. The arrow closely misses the goblin.
The goblin hits you with a +1 dagger of venom.
You are poisoned.
You shoot an arrow. The arrow closely misses the goblin.
The arrow hits the goblin.
The goblin is heavily wounded.
You feel very sick. The goblin barely misses you.
You shoot an arrow. The arrow hits the goblin.
The goblin is heavily wounded.
You feel sick. The goblin misses you.
You shoot an arrow. The arrow closely misses the goblin.
The arrow hits the goblin!
You kill the goblin!
You feel sick. The goblin misses you.
You shoot an arrow. The arrow completely misses the goblin.
You feel sick. The goblin completely misses you.
You shoot an arrow. The arrow closely misses the goblin.
You feel sick. The goblin misses you.
You shoot an arrow. The arrow completely misses the goblin.
You feel sick. The goblin misses you. x2
You shoot an arrow. The arrow completely misses the goblin.
You feel sick.
You are no longer poisoned.
The goblin hits you with a +1 dagger of venom.
You are lethally poisoned!
You shoot an arrow. The arrow hits the goblin.
The goblin is heavily wounded.
You feel very sick. The goblin misses you.
You shoot an arrow.
The arrow hits the goblin but does no damage.
The goblin is heavily wounded.
You feel sick. The goblin closely misses you.
You shoot an arrow. The arrow hits the goblin.
You kill the goblin!
You die...

#...#..%#......<........#
..#..%%...#.............#
#(..#.......##.........##
##.##....#..##....#...##
.........#..###..######
.........#..####%#
...............#.##
..................#
.....<.......#.#@##
........... #.#)# .. #
.)# .... ..... ...!...
.#...... .....)....


There were no monsters in sight!

Vanquished Creatures
  A gnoll (D:1)
  2 dart slugs (D:1)
  5 endoplasms
  A giant cockroach (D:1)
  4 goblins
  6 hobgoblins
  4 jackals (D:1)
  5 quokkas
  4 bats
  4 frilled lizards
  2 kobolds (D:1)
  4 rats
42 creatures vanquished.

Notes
Turn   | Place    | Note
-------+----------+-------------------------------------------
     0 | D:1      | qw the Spriggan Hunter began the quest for the Orb.
     0 | D:1      | Reached XP level 1. HP: 10/10 MP: 2/2
     0 | D:1      | 0 ||| qw: Version: 0.3-a-157-g843a77d
     0 | D:1      | 0 ||| qw: Game counter: 3672
     0 | D:1      | 0 ||| qw: Melee chars always use a shield: true
     0 | D:1      | 0 ||| qw: God list: Okawaru
     0 | D:1      | 0 ||| qw: Allow faded altars: false
     0 | D:1      | 0 ||| qw: Do Orc after clearing Dungeon:15 true
     0 | D:1      | 0 ||| qw: Do second Lair branch before Depths: true
     0 | D:1      | 0 ||| qw: Lair rune preference: random
     0 | D:1      | 0 ||| qw: Goals: Normal
     0 | D:1      | 0 ||| PLANNING D:1-11
    18 | D:1      | Reached skill level 3 in Dodging
   122 | D:1      | Reached XP level 2. HP: 5/14 MP: 3/3
   363 | D:1      | Reached XP level 3. HP: 18/18 MP: 4/4
   388 | D:1      | Found Koell's Antique Weapon Emporium.
   761 | D:1      | 761 ||| READING scroll labelled CEARUFI GODUO.
   762 | D:1      | 762 ||| READING scroll labelled MOOFOKK RIKHLI.
   763 | D:1      | 763 ||| READING scroll labelled ZEM WIRALL.
   764 | D:1      | 764 ||| DRINKING 2 fizzy silvery potions.
   765 | D:1      | 765 ||| DROPPING scroll of butterflies.
   767 | D:1      | 767 ||| Stepping ~*~*~tactically~*~*~ (cloud).
   948 | D:2      | Identified the staff of Certain Death {rC+ Necro Ice}
  1018 | D:2      | Reached skill level 5 in Ranged Weapons
  1081 | D:2      | HP: 2/18 [poisoned by a goblin]
  1083 | D:2      | Succumbed to a goblin's poison

Levels and vault maps discovered:
D:1:      dpeg_chamrin_arrival_tetris, layout_loops_ring, serial_shops,
          nicolae_shop_tiny_waterfront
D:2:      layout_rooms, minmay_tromino_v4_b

Skill      XL: |  1  2  3 |
---------------+----------+-----
Dodging        | 3 4 |  4.0
Ranged Weapons | 5 |  5.0
Fighting       | |  1.5
Stealth        | |  1.5

Action                     || total
---------------------------++-------
   Fire: Shortbow          ||   111
    Use: Scroll            ||     3
         Potion            ||     1
 Armour: Robe              ||    11
  Dodge: Dodged            ||    23

Table legend:
 A = Non-vault XP
 B = Vault XP
 C = Vault XP percentage of total XP
 D = Non-vault monster count
 E = Vault monster count
 F = Vault count percentage of total count
                 A         B        C        D         E       F
            +---------+---------+-------+---------+---------+-------
      Total |      86 |       2 |   2.3 |      41 |       1 |   2.4
            +---------+---------+-------+---------+---------+-------
        D:1 |      54 |       0 |   0.0 |      22 |       0 |   0.0
        D:2 |      32 |       2 |   5.9 |      19 |       1 |   5.0
            +---------+---------+-------+---------+---------+-------
